 Dungeon Sprint DCSS version 0.28.0-53-g5a82cb258f (webtiles) character file.

Game seed: 13532540226807213422

726 Zeld the Fighter (level 7, -14/117 HPs)
             Began as a Minotaur Berserker on June 5, 2022.
             Was a High Priest of Trog.
             Killed from afar by a deep elf pyromancer (35 damage)
             ... with a bolt of fire
             ... in the Dungeon (Sprint VII: "The Pits").
             The game lasted 00:01:24 (2102 turns).

Zeld the Fighter (Minotaur Berserker)               Turns: 2102, Time: 00:01:24

Health: -14/117    AC: 13    Str: 24    XL:     7   Next: 44%
Magic:  6/6        EV:  8    Int:  4    God:    Trog [*****.]
Gold:   0          SH:  0    Dex:  9    Spells: 6/6 levels left

rFire   . . .      SeeInvis .   a - +6 battleaxe
rCold   . . .      Faith    .   (shield currently unavailable)
rNeg    . . .      Spirit   .   b - +2 plate armour
rPois   .          Reflect  .   (helmet restricted)
rElec   .          Harm     .   (no cloak)
rCorr   .          Rampage  .   (no gloves)
Will    .....      NoTele   +   (no boots)
Stlth   ..........              (no amulet)
HPRegen 0.29/turn               (no ring)
MPRegen 0.10/turn               (no ring)

@: berserking, very quick
A: horns 2, retaliatory headbutt
a: Renounce Religion, Berserk, Trog's Hand, Brothers in Arms


You were in the Dungeon.
You worshipped Trog.
Trog was extremely pleased with you.
You visited 1 branch

Inventory:

Hand Weapons
 a - a +6 battleaxe (weapon)
Armour
 b - a +2 plate armour (worn)
Scrolls
 h - a scroll of blinking
 j - a scroll of summoning
Potions
 c - 6 potions of curing
 d - 6 potions of heal wounds
 e - a potion of haste
 f - 4 potions of magic
 g - 3 potions of berserk rage
 i - 2 potions of invisibility


   Skills:
 * Level 12.8 Fighting
 * Level 12.8 Axes
 - Level 2.4 Armour
 + Level 8.3 Dodging


You had 6 spell levels left.
You didn't know any spells.
Your spell library was empty.

Dungeon Overview and Level Annotations

Branches:
Dungeon (1/1)

Altars:
Ashenzari
Cheibriados
Dithmenos
Elyvilon
Fedhas
Gozag
Hepliaklqana
Kikubaaqudgha
Makhleb
Nemelex Xobeh
Okawaru
Qazlal
Ru
Sif Muna
Trog
Uskayaw
Vehumet
Wu Jian
Xom
Yredelemnul
Zin
The Shining One
Beogh
Jiyva
Lugonu


Innate Abilities, Weirdness & Mutations

You have a pair of horns on your head.
You reflexively headbutt those who attack you in melee.


Message History

Trog accepts your kill.
You slash the wight!
The wight hits you from afar with a +0 halberd.
You feel drained. The wight barely misses you. You furiously retaliate!
You headbutt the wight!
You destroy the wight!
Trog accepts your kill. Trog grants you a weapon!
Something appears at your feet!
You see here a +3 broad axe.
The fire elemental closely misses you.
Your life force feels restored.
You closely miss the fire elemental.
You closely miss the deep elf pyromancer.
The wight barely misses you.
The deep elf pyromancer hits you with a +0 rapier.
The fire elemental hits you. The fire elemental burns you!
You closely miss the fire elemental.
You headbutt the fire elemental, but do no damage.
You slash the deep elf pyromancer! The wight hits you but does no damage.
The deep elf pyromancer hits you but does no damage.
The fire elemental hits you. The fire elemental burns you!
You are too injured to fight recklessly!
Unknown command.
You are too injured to fight recklessly!
You are too injured to fight recklessly!
You closely miss the deep elf pyromancer.
The deep elf pyromancer is moderately wounded.
You slice the fire elemental!! The fire elemental hits you.
The fire elemental burns you! The wight barely misses you.
The deep elf pyromancer hits you but does no damage.
The fire elemental hits you. The fire elemental burns you!
* * * LOW HITPOINT WARNING * * *
Unknown command.
A red film seems to cover your vision as you go berserk!
You feel yourself moving faster!
You feel mighty!
The wight hits you from afar with a +0 halberd!
* * * LOW HITPOINT WARNING * * *
The deep elf pyromancer casts a spell at you.
The bolt of fire hits you!!
You die...

#.#..########...<...#
#†#..[[))).##.......#
#)#..#.))).##.......#
#)###########.......#
#)).....#..##########
#..#.#..#)######
#.##.##.#†#....#
#.......#†#z...#
#.##.##.#@eE...+
#..#.#..#'#z...#
#...°°B.+.#....#
################


You could see a deep elf pyromancer, a fire elemental (summoned) and 2 wights.

Vanquished Creatures
  Edmund (D)
  An orc warrior (D)
  2 scorpions (D)
  3 wights (D)
  A jelly (D)
  An orc priest (D)
  An orc wizard (D)
  2 orcs (D)
  A giant cockroach (D)
  A goblin (D)
  A hobgoblin (D)
  4 jackals (D)
  A kobold (D)
  A quokka (D)
  2 ball pythons (D)
  A ball python zombie (D)
  3 frilled lizards (D)
27 creatures vanquished.

Vanquished Creatures (collateral kills)
  A water moccasin (D)
  An orc priest (D)
  2 iron imps (D)
4 creatures vanquished.

Grand Total: 31 creatures vanquished

Notes
Turn   | Place    | Note
-------+----------+-------------------------------------------
     0 | D        | Zeld the Minotaur Berserker began the quest for the Orb.
     0 | D        | Reached XP level 1. HP: 19/19 MP: 0/0
    10 | D        | Noticed a scorpion
    17 | D        | Killed a scorpion
    18 | D        | Reached XP level 2. HP: 12/31 MP: 1/1
    18 | D        | Reached XP level 3. HP: 15/38 MP: 2/2
    59 | D        | Found a bloodstained altar of Trog.
    59 | D        | Found a shimmering blue altar of Sif Muna.
    59 | D        | Found a viscous altar of Jiyva.
    59 | D        | Found a hazy altar of Hepliaklqana.
    59 | D        | Found an opulent altar of Gozag.
   129 | D        | Found a glowing golden altar of the Shining One.
   129 | D        | Found a glowing silver altar of Zin.
   129 | D        | Found a basalt altar of Yredelemnul.
   129 | D        | Found a shimmering altar of Xom.
   129 | D        | Found an ornate altar of the Wu Jian Council.
   129 | D        | Found a sacrificial altar of Ru.
   129 | D        | Found a stormy altar of Qazlal.
   129 | D        | Found an iron altar of Okawaru.
   129 | D        | Found a sparkling altar of Nemelex Xobeh.
   129 | D        | Found a burning altar of Makhleb.
   129 | D        | Found a blossoming altar of Fedhas.
   129 | D        | Found a white marble altar of Elyvilon.
   129 | D        | Found a shadowy altar of Dithmenos.
   129 | D        | Found a snail-covered altar of Cheibriados.
   240 | D        | Found a corrupted altar of Lugonu.
   240 | D        | Found a radiant altar of Vehumet.
   241 | D        | Found an ancient bone altar of Kikubaaqudgha.
   241 | D        | Found a hide-covered altar of Uskayaw.
   241 | D        | Found a broken altar of Ashenzari.
   628 | D        | Reached ** piety under Trog
   870 | D        | Noticed a scorpion
   873 | D        | Reached *** piety under Trog
   880 | D        | Killed a scorpion
   881 | D        | Reached skill level 5 in Dodging
   881 | D        | Reached XP level 4. HP: 46/48 MP: 3/3
   882 | D        | Reached **** piety under Trog
  1187 | D        | Noticed Edmund
  1198 | D        | Noticed an orc warrior
  1201 | D        | Killed Edmund
  1202 | D        | Reached XP level 5. HP: 58/58 MP: 4/4
  1207 | D        | Killed an orc warrior
  1208 | D        | Reached skill level 10 in Fighting
  1208 | D        | Reached skill level 10 in Axes
  1208 | D        | Reached XP level 6. HP: 67/67 MP: 5/5
  1209 | D        | Noticed a water moccasin
  1211 | D        | Reached ***** piety under Trog
  1219 | D        | Killed a water moccasin
  1221 | D        | Reached XP level 7. HP: 25/75 MP: 6/6
  1822 | D        | Noticed a boulder beetle
  2035 | D        | Received a gift from Trog
  2092 | D        | Noticed a deep elf pyromancer
  2095 | D        | Noticed a fire elemental
  2097 | D        | Received a gift from Trog
  2102 | D        | Killed from afar by a deep elf pyromancer

Illustrated notes

Levels and vault maps discovered:
D:        pitsprint [storerooms_1, entrance_room_1, metal_vault_8, armoury_1,
          mini_pit_1, grid_room_1, main_hall_1, silver_pit, the_coven_3,
          the_vestibule_1, steel_vault_1, golden_pit, hallway_of_sentries,
          crystal_vault_5, iron_vault_4, final_vault]

Skill      XL: |  1  2  3  4  5  6  7 |
---------------+----------------------+-----
Fighting       | 6 8 9 10 11 12 | 12.8
Axes           | 6 8 9 10 11 12 | 12.8
Dodging        | 4 5 6 7 8 |  8.3
Armour         | |  2.4

Action                   |  1- 3 |  4- 6 |  7- 9 || total
-------------------------+-------+-------+-------++-------
Melee: Hand axe          |    18 |    20 |    12 ||    50
       Punch             |     1 |       |       ||     1
       Headbutt          |       |     3 |     3 ||     6
       Battleaxe         |       |       |     7 ||     7
Invok: Berserk           |     1 |     1 |     1 ||     3
       Brothers in Arms  |       |     1 |       ||     1
Armor: Animal skin       |     3 |       |       ||     3
       Plate armour      |       |     9 |    13 ||    22
Dodge: Dodged            |    13 |     5 |     7 ||    25
